[Event "Titled Tuesday Blitz January 03 Early 2023"]
[White "Abasov, Nijat"]
[Black "Carlsen, Magnus"]
[WhiteFideId "13402960"]
[BlackFideId "1503014"]
[WhiteElo "2634"]
[BlackElo "2853"]
[Result "0-1"]
[Round "10"]
[TimeControl "180+2"]
[Date "2023.01.03"]
[WhiteClock "0:00:24"]
[BlackClock "0:00:59"]

1. d4 Nf6 2. Nf3 g6 3. g3 b5 4. e3 a6 5. a4 b4 6. c4 bxc3 7. Nxc3 Bb7 8. Bd3 Bg7 9. e4 d6 10. O-O O-O 11. Re1 Nbd7 12. Bf4 e5 13. dxe5 dxe5 14. Nxe5 Nh5 15. Nxd7 Qxd7 16. Be3 Rad8 17. Bc4 Qh3 18. Qf3 Nf6 19. Bf1 Qe6 20. Bg5 Rd4 21. Nd5 Nxe4 22. Nc3 Qb3 23. Be7 Nd2 0-1


[Site "https://www.chess.com"]

[Event "Titled Tuesday Blitz January 03 Early 2023"]
[White "Bortnyk, Olexandr"]
[Black "Jones, Gawain C B"]
[WhiteFideId "14120828"]
[BlackFideId "409561"]
[WhiteElo "2605"]
[BlackElo "2618"]
[Result "1-0"]
[Round "10"]
[TimeControl "180+2"]
[Date "2023.01.03"]
[WhiteClock "0:01:55"]
[BlackClock "0:01:32"]

1. e4 c5 2. c3 Nf6 3. e5 Nd5 4. d4 cxd4 5. Nf3 d6 6. cxd4 Nc6 7. Bc4 e6 8. O-O Be7 9. Qe2 O-O 10. Rd1 Nb6 11. Bb3 Bd7 12. Nc3 Rc8 13. Bf4 d5 14. Rac1 f5 15. exf6 Bxf6 16. Nb5 Na5 17. Bc7 Bxb5 18. Qxe6+ Kh8 19. Bxd8 Rcxd8 20. Ne5 Be8 21. Rc7 Bh5 22. Nf7+ Rxf7 23. Rxf7 Nxb3 24. Rxf6 Bxd1 25. axb3 Bxb3 26. Qe7 Rg8 27. Rf8 h6 28. Rxg8+ Kxg8 29. Qxb7 1-0


[Site "https://www.chess.com"]

[Event "Titled Tuesday Blitz January 03 Early 2023"]
[White "Sarana, Alexey"]
[Black "Tang, Andrew"]
[WhiteFideId "24133795"]
[BlackFideId "2059630"]
[WhiteElo "2685"]
[BlackElo "2523"]
[Result "1-0"]
[Round "10"]
[TimeControl "180+2"]
[Date "2023.01.03"]
[WhiteClock "0:00:10"]
[BlackClock "0:00:02"]

1. c4 e6 2. Nc3 d5 3. cxd5 exd5 4. d4 c6 5. Bf4 Bf5 6. f3 Nf6 7. e3 Nbd7 8. g4 Bg6 9. h4 h6 10. Nge2 Nb6 11. Ng3 Bd6 12. Qd2 O-O 13. Kf2 h5 14. g5 Ne8 15. Bxd6 Nxd6 16. b3 f6 17. gxf6 Qxf6 18. f4 Nf5 19. Nxf5 Bxf5 20. Bd3 Rae8 21. Rag1 Nc8 22. Bxf5 Qxf5 23. Rg5 Qh7 24. Rhg1 Rf7 25. Qd1 Rf5 26. Rg6 Kf7 27. Rxg7+ Qxg7 28. Rxg7+ Kxg7 29. Ne2 Nd6 30. Ng3 Ne4+ 31. Nxe4 Rxe4 32. Qf3 Re8 33. b4 Kf7 34. a4 a6 35. Qd1 Kg7 36. b5 axb5 37. axb5 Re7 38. Qg1+ Kf7 39. Qb1 Kg6 40. Kf3 Rf7 41. Qc2 Rf6 42. Qc5 Re6 43. Qc2 Rf6 44. Qd3 Re6 45. Qb1 Rf6 46. Qa1 Re6 47. Qa8 Rf7 48. Qg8+ Kf6 49. Qg5# 1-0


[Site "https://www.chess.com"]

[Event "Titled Tuesday Blitz January 03 Early 2023"]
[White "Pranav, V"]
[Black "Grigoriants, Sergey"]
[WhiteFideId "25060783"]
[BlackFideId "4130804"]
[WhiteElo "2597"]
[BlackElo "2562"]
[Result "0-1"]
[Round "10"]
[TimeControl "180+2"]
[Date "2023.01.03"]
[WhiteClock "0:00:02"]
[BlackClock "0:00:09"]

1. e4 e5 2. Nf3 Nc6 3. Bb5 a6 4. Ba4 Nf6 5. O-O Bc5 6. d3 b5 7. Bb3 d6 8. c3 h6 9. Nbd2 O-O 10. h3 Be6 11. Re1 Re8 12. Nf1 Bb6 13. Ng3 Bxb3 14. axb3 a5 15. Nh4 Kh7 16. Qf3 Ng8 17. Nhf5 g6 18. Ne3 Qf6 19. Qe2 Nce7 20. Ng4 Qg7 21. Kh1 f5 22. exf5 gxf5 23. Ne3 Qg6 24. Nh5 f4 25. Nf1 Rf8 26. Qf3 Rab8 27. d4 Rf5 28. dxe5 dxe5 29. Nxf4 exf4 30. Nh2 Rd8 31. b4 axb4 32. cxb4 Qc6 33. Qb3 Bxf2 34. Rf1 Bg3 35. Nf3 Qc4 36. Qxc4 bxc4 37. Ra7 Rfd5 38. Bd2 Rxd2 39. Nxd2 Rxd2 40. Rxc7 Rxb2 41. Rxc4 Nd5 42. Rfc1 Rxb4 43. Rc5 Ndf6 44. Rc8 Ne7 45. R8c7 Nd5 46. Rd7 Kg6 47. Kg1 h5 48. Rd6+ Kf5 49. Rd7 h4 50. Rd1 Rb2 51. Kh1 Ke6 52. Ra7 Ne3 53. Ra6+ Kf7 54. Rda1 Rxg2 55. Rf6+ Kg7 56. Rg6+ Kf7 57. Rf6+ Kg7 58. Rg6+ Nxg6 59. Ra7+ Kh6 60. Rh7+ Kg5 61. Rh5+ Kf6 62. Rf5+ Ke6 63. Re5+ Kd6 64. Re6+ Kd5 65. Rd6+ Ke4 66. Rd4+ Ke5 67. Re4+ Kd5 68. Rd4+ Kc5 69. Rd5+ Nxd5 0-1


[Site "https://www.chess.com"]

[Event "Titled Tuesday Blitz January 03 Early 2023"]
[White "Zierk, Steven"]
[Black "Narayanan.S.L"]
[WhiteFideId "2034255"]
[BlackFideId "5058422"]
[WhiteElo "2488"]
[BlackElo "2660"]
[Result "0-1"]
[Round "10"]
[TimeControl "180+2"]
[Date "2023.01.03"]
[WhiteClock "0:00:01"]
[BlackClock "0:00:41"]

1. e4 g6 2. d4 Bg7 3. Nc3 a6 4. Be3 b5 5. Qd2 Bb7 6. f3 d6 7. h4 h6 8. h5 g5 9. f4 gxf4 10. Bxf4 Nd7 11. Nf3 c5 12. dxc5 Nxc5 13. O-O-O Rc8 14. e5 b4 15. Nd5 b3 16. Bc4 bxc2 17. Rde1 Ne6 18. Qb4 Rxc4 19. Qxc4 Bxd5 20. Qxd5 Nxf4 21. Qc6+ Kf8 22. Qxc2 dxe5 23. Rd1 Qb8 24. Qb3 Qc8+ 25. Kb1 Bf6 26. g3 Ne6 27. Rc1 Qa8 28. Nh4 Bxh4 29. gxh4 Nf6 30. Rhg1 Nd4 31. Qe3 Qb8 32. Rc5 Nd7 33. Rd5 Qc7 34. Qc3 Qb7 35. Rxe5 Nxe5 36. Qxd4 Qb8 37. Re1 f6 38. Qd5 Rg8 39. Rc1 Qe8 40. Qe6 Qf7 41. Qf5 e6 42. Qf4 Kg7 0-1


[Site "https://www.chess.com"]

[Event "Titled Tuesday Blitz January 03 Early 2023"]
[White "Zhigalko, Sergei"]
[Black "Vokhidov, Shamsiddin"]
[WhiteFideId "13502956"]
[BlackFideId "14204223"]
[WhiteElo "2572"]
[BlackElo "2586"]
[Result "1/2-1/2"]
[Round "10"]
[TimeControl "180+2"]
[Date "2023.01.03"]
[WhiteClock "0:00:05"]
[BlackClock "0:00:14"]

1. e4 c5 2. Nf3 d6 3. d4 cxd4 4. Qxd4 Nf6 5. Nc3 Nc6 6. Bb5 Bd7 7. Bxc6 Bxc6 8. Bg5 e6 9. O-O-O Be7 10. Rhe1 O-O 11. Kb1 b5 12. Bxf6 Bxf6 13. Qxd6 Qb6 14. Ne5 Rfc8 15. Nd7 Bxd7 16. Qxb6 axb6 17. Rxd7 Bxc3 18. bxc3 Rxc3 19. Red1 g5 20. Rd8+ Rxd8 21. Rxd8+ Kg7 22. Rd6 Kf6 23. Rxb6 Rc5 24. Rb7 g4 25. Kb2 h5 26. Kb3 Kg6 27. f4 gxf3 28. gxf3 f6 29. h4 f5 30. c3 fxe4 31. fxe4 Re5 32. Rb8 Rxe4 33. Rxb5 Rxh4 34. a4 Rh1 35. Ka2 h4 36. a5 h3 37. Rb8 Rc1 38. Rh8 Rxc3 39. Kb2 Rc5 40. a6 Ra5 41. Rxh3 Rxa6 42. Kc2 Rd6 43. Rf3 e5 44. Rd3 Ra6 45. Kd2 Kf5 46. Ke3 Rh6 47. Rd8 Rh3+ 48. Ke2 Ke4 49. Ra8 Rh2+ 50. Ke1 Kf4 51. Ra4+ e4 52. Ra3 Rc2 53. Rb3 Ra2 54. Rc3 Ra1+ 55. Ke2 Rb1 56. Ra3 Rg1 57. Kf2 Rc1 58. Ke2 Rc2+ 59. Ke1 Rb2 60. Rc3 Ke5 61. Ra3 Kd4 62. Kd1 Rh2 63. Ke1 Rc2 64. Kd1 Rg2 65. Ke1 Ke5 66. Kd1 Rb2 67. Ke1 Kf4 68. Kf1 Rh2 69. Ke1 Rg2 70. Rb3 Rc2 71. Ra3 Ke5 72. Kd1 Rb2 73. Ke1 1/2-1/2


[Site "https://www.chess.com"]

[Event "Titled Tuesday Blitz January 03 Early 2023"]
[White "Sanal, Vahap"]
[Black "Shimanov, Aleksandr"]
[WhiteFideId "6300545"]
[BlackFideId "4198603"]
[WhiteElo "2600"]
[BlackElo "2581"]
[Result "0-1"]
[Round "10"]
[TimeControl "180+2"]
[Date "2023.01.03"]
[WhiteClock "0:00:16"]
[BlackClock "0:01:27"]

1. d4 e6 2. e4 d5 3. Nd2 c5 4. exd5 Qxd5 5. Ngf3 cxd4 6. Bc4 Qd6 7. O-O Nf6 8. Nb3 Nc6 9. Nbxd4 Nxd4 10. Nxd4 Be7 11. c3 O-O 12. Qf3 Qc7 13. Bb3 a5 14. a4 Bd7 15. Bc2 Qb6 16. Re1 Rfe8 17. Bg5 Rac8 18. Qh3 g6 19. Rad1 Qxb2 20. Rd3 Nd5 21. Bd2 Bf6 22. Qh6 Bg7 23. Qh4 Bxd4 24. Qxd4 Qxc2 25. Bh6 f6 26. Rf3 Qxa4 27. c4 Rxc4 28. Qb2 Rc2 29. Qxb7 Qb4 0-1


[Site "https://www.chess.com"]

[Event "Titled Tuesday Blitz January 03 Early 2023"]
[White "Oliveira, Silvio Eduardo"]
[Black "Dardha, Daniel"]
[WhiteFideId "2111560"]
[BlackFideId "240990"]
[WhiteElo "2297"]
[BlackElo "2631"]
[Result "0-1"]
[Round "10"]
[TimeControl "180+2"]
[Date "2023.01.03"]
[WhiteClock "0:00:11"]
[BlackClock "0:00:05"]

1. e4 e5 2. Nf3 Nc6 3. Bb5 Nf6 4. d3 d6 5. O-O a6 6. Ba4 b5 7. Bb3 Na5 8. d4 Nxb3 9. axb3 exd4 10. Nxd4 Bb7 11. Re1 Be7 12. Qf3 O-O 13. Nf5 Re8 14. Nc3 Qd7 15. Bg5 Bd8 16. Rad1 Qe6 17. Qg3 g6 18. Nh6+ Kg7 19. Qh4 Nxe4 20. Nxe4 Bxe4 21. Bxd8 Raxd8 22. f3 g5 23. Qxg5+ Qg6 24. Qxg6+ Bxg6 25. Ng4 Bxc2 26. Rxe8 Rxe8 27. Rc1 Re2 28. b4 c5 29. bxc5 dxc5 30. Nf2 c4 31. Ne4 Bxe4 32. fxe4 Rxb2 33. Rf1 c3 34. Rc1 c2 35. Kf2 b4 36. Ke3 b3 37. Kd2 a5 0-1


[Site "https://www.chess.com"]

[Event "Titled Tuesday Blitz January 03 Early 2023"]
[White "Puranik, Abhimanyu"]
[Black "Madaminov, Mukhiddin"]
[WhiteFideId "5061245"]
[BlackFideId "14210703"]
[WhiteElo "2613"]
[BlackElo "2422"]
[Result "1/2-1/2"]
[Round "10"]
[TimeControl "180+2"]
[Date "2023.01.03"]
[WhiteClock "0:00:05"]
[BlackClock "0:00:04"]

1. Nf3 Nf6 2. g3 g6 3. b3 Bg7 4. Bb2 O-O 5. Bg2 d6 6. d4 b5 7. O-O Bb7 8. c4 bxc4 9. bxc4 Nbd7 10. Nbd2 Rb8 11. Qc2 e6 12. Rfe1 Ne4 13. Rab1 Nxd2 14. Nxd2 Bxg2 15. Kxg2 c5 16. d5 exd5 17. cxd5 Bxb2 18. Rxb2 Rxb2 19. Qxb2 Nb6 20. e4 Re8 21. Re3 f5 22. exf5 Rxe3 23. fxe3 gxf5 24. e4 Qe7 25. Qc2 fxe4 26. Qxe4 Qf7 27. Nf3 Qxd5 28. Qe8+ Kg7 29. Qe7+ Kg6 30. g4 h5 31. g5 h4 32. Qf6+ Kh5 33. g6 Nd7 34. Qxh4+ Kxg6 35. Qg4+ Kf6 36. Qxd7 Qxa2+ 37. Kg3 Qg8+ 38. Kf4 Qc4+ 39. Ke3 Qb3+ 40. Ke2 Qc4+ 41. Kf2 Qa2+ 42. Kf1 Qc4+ 43. Ke1 Qe4+ 44. Kf2 Qc2+ 45. Kg3 Qg6+ 46. Kf4 Qh6+ 47. Ke4 Qg6+ 48. Ke3 Qh6+ 49. Ke2 Qf4 50. Qd8+ Ke6 51. Qe8+ Kd5 52. Qg8+ Kc6 53. Qe8+ Kd5 54. h4 Qe4+ 55. Qxe4+ Kxe4 56. Ng5+ Kf5 57. Nf3 d5 58. Kd3 a5 59. Kc3 a4 60. h5 d4+ 61. Nxd4+ cxd4+ 62. Kxd4 Kg5 63. Kc3 Kxh5 64. Kb4 a3 65. Kxa3 1/2-1/2


[Site "https://www.chess.com"]

[Event "Titled Tuesday Blitz January 03 Early 2023"]
[White "Lenderman, Aleksandr"]
[Black "Putnam, Liam"]
[WhiteFideId "2021285"]
[BlackFideId "30938279"]
[WhiteElo "2572"]
[BlackElo "2285"]
[Result "1-0"]
[Round "10"]
[TimeControl "180+2"]
[Date "2023.01.03"]
[WhiteClock "0:00:12"]
[BlackClock "0:00:02"]

1. e4 c5 2. c3 Nf6 3. e5 Nd5 4. d4 cxd4 5. Nf3 Nc6 6. Bc4 Nb6 7. Bb3 d6 8. exd6 Qxd6 9. O-O e6 10. cxd4 Be7 11. Nc3 O-O 12. Qd3 Nb4 13. Qe2 N4d5 14. Rd1 Bd7 15. Ne5 Bc6 16. Ne4 Qd8 17. Rd3 Bb5 18. Qf3 Bxd3 19. Nxd3 Nf6 20. Be3 Nxe4 21. Qxe4 Nd5 22. Bd2 Rc8 23. g3 b6 24. Rd1 Nf6 25. Qe3 h6 26. Ne5 Bd6 27. Qf3 Nd7 28. Bf4 Qc7 29. Re1 Nxe5 30. dxe5 Bb4 31. Re4 Qc6 32. Bxh6 f5 33. exf6 Rxf6 34. Qxf6 gxf6 35. Rxe6 Kh7 36. Rxc6 Rxc6 37. Bf4 Kg7 38. Kg2 Rc8 39. h4 Rd8 40. g4 Bd2 41. Bg3 Bc1 42. Kf3 Bxb2 43. Ke4 Re8+ 44. Kf5 Be5 45. Be6 Bxg3 46. fxg3 Rd8 47. g5 fxg5 48. Kxg5 Rd6 49. Bf5 a5 50. h5 b5 51. g4 b4 52. Bc2 Rc6 53. Bb3 Rc5+ 54. Kh4 Kh6 55. Ba4 Rg5 56. Bc2 Rd5 57. Bb3 Rd4 58. Ba4 Re4 59. Bb3 Rf4 60. Ba4 Kg7 61. Kg5 Rd4 62. h6+ Kh8 63. Kh5 Rd6 64. g5 Kh7 65. g6+ Kh8 66. g7+ Kh7 67. Bc2+ Kg8 68. Bb3+ 1-0


[Site "https://www.chess.com"]

[Event "Titled Tuesday Blitz January 03 Early 2023"]
[White "Harshavardhan G B"]
[Black "Terry, Renato"]
[WhiteFideId "25059009"]
[BlackFideId "3803457"]
[WhiteElo "2408"]
[BlackElo "2520"]
[Result "0-1"]
[Round "10"]
[TimeControl "180+2"]
[Date "2023.01.03"]
[WhiteClock "0:00:15"]
[BlackClock "0:01:28"]

1. e4 e6 2. d4 d5 3. Nc3 Nf6 4. e5 Nfd7 5. f4 c5 6. Nf3 Nc6 7. Be3 Be7 8. Qd2 O-O 9. dxc5 Qa5 10. Bd3 Nxc5 11. O-O Rd8 12. Ne2 Qxd2 13. Bxd2 Nxd3 14. cxd3 Bc5+ 15. d4 Be7 16. Rac1 Bd7 17. Nc3 Rac8 18. a3 a6 19. Kf2 b6 20. Ke3 Na5 21. Kd3 Nb3 22. Rc2 Rc4 23. Ke3 Rdc8 24. Be1 a5 25. Rcf2 b5 26. Nd2 Rxc3+ 27. bxc3 Rxc3+ 28. Ke2 Nxd4+ 29. Kd1 Bxa3 30. Nb1 Rc1+ 31. Kd2 Rxb1 32. Kd3 Nc6 33. Kc2 Rc1+ 34. Kb3 b4 35. Rd2 Ne7 36. f5 Bb5 37. Rf3 Nxf5 38. Rxf5 exf5 39. Rxd5 Bc4+ 40. Ka4 Bxd5 0-1


[Site "https://www.chess.com"]

[Event "Titled Tuesday Blitz January 03 Early 2023"]
[White "Lazavik, Denis"]
[Black "Zemlyanskii, Ivan"]
[WhiteFideId "13515110"]
[BlackFideId "24249971"]
[WhiteElo "2544"]
[BlackElo "2300"]
[Result "0-1"]
[Round "10"]
[TimeControl "180+2"]
[Date "2023.01.03"]
[WhiteClock "0:00:01"]
[BlackClock "0:00:18"]

1. d4 d5 2. c4 c6 3. Nf3 Nf6 4. Qc2 g6 5. e3 Bf5 6. Bd3 Bxd3 7. Qxd3 Bg7 8. O-O O-O 9. Nc3 Qb6 10. b3 Qa6 11. Rd1 Nbd7 12. a4 dxc4 13. bxc4 c5 14. d5 Ng4 15. Rb1 Nge5 16. Nxe5 Nxe5 17. Qc2 Qxc4 18. Rxb7 Rab8 19. Rxe7 Rb3 20. Bd2 Bf6 21. d6 Bxe7 22. dxe7 Re8 23. Qe4 Rxe7 24. Qxc4 Nxc4 25. Be1 Reb7 26. Kf1 Ne5 27. h3 c4 28. Ne4 Nd3 29. Bc3 f5 30. Nf6+ Kf7 31. Nd5 Ke6 32. e4 fxe4 0-1


[Site "https://www.chess.com"]

[Event "Titled Tuesday Blitz January 03 Early 2023"]
[White "Keymer, Vincent"]
[Black "Molina, Roberto Junio Brito"]
[WhiteFideId "12940690"]
[BlackFideId "2109450"]
[WhiteElo "2700"]
[BlackElo "2403"]
[Result "1/2-1/2"]
[Round "10"]
[TimeControl "180+2"]
[Date "2023.01.03"]
[WhiteClock "0:00:01"]
[BlackClock "0:00:34"]

1. Nf3 d5 2. e3 c6 3. c4 Nf6 4. Nc3 a6 5. d4 Bf5 6. Nh4 Bg4 7. Qb3 b5 8. cxd5 cxd5 9. h3 Bc8 10. Bd2 Nc6 11. Rc1 Na5 12. Qc2 Nc4 13. Bd3 e6 14. Nf3 Bd6 15. O-O O-O 16. Be1 Bb7 17. a4 b4 18. Ne2 Rc8 19. Qb1 Qa5 20. b3 Na3 21. Qb2 Rxc1 22. Nxc1 Qb6 23. Ne2 Rc8 24. Bd2 Ne4 25. Rc1 Rc6 26. Ne5 Bxe5 27. dxe5 Nxd2 28. Qxd2 a5 29. Nd4 Rc5 30. Qd1 Qc7 31. Rxc5 Qxc5 32. Qh5 g6 33. Qg5 Qc3 34. Qd8+ Kg7 35. Qe7 Bc8 36. Bb5 Nxb5 37. Qf6+ Kg8 38. Nxb5 Ba6 39. Qd8+ Kg7 40. Nc7 Qa1+ 41. Kh2 Qxe5+ 42. f4 Qxe3 43. Ne8+ Kf8 44. Nc7+ Kg7 45. Ne8+ Kf8 46. Nc7+ Kg7 1/2-1/2


[Site "https://www.chess.com"]

[Event "Titled Tuesday Blitz January 03 Early 2023"]
[White "Svane, Rasmus"]
[Black "Ibarra Jerez, Jose Carlos"]
[WhiteFideId "4657101"]
[BlackFideId "2226332"]
[WhiteElo "2623"]
[BlackElo "2563"]
[Result "1-0"]
[Round "10"]
[TimeControl "180+2"]
[Date "2023.01.03"]
[WhiteClock "0:00:05"]
[BlackClock "0:00:03"]

1. Nf3 d6 2. d4 g6 3. e4 Nf6 4. Bd3 Bg7 5. O-O O-O 6. h3 Nc6 7. c3 e5 8. Re1 Re8 9. Bc2 Nh5 10. Be3 h6 11. dxe5 dxe5 12. Qxd8 Nxd8 13. Na3 Nf4 14. Nc4 Bd7 15. Nfxe5 Nxh3+ 16. gxh3 Bxe5 17. Nxe5 Rxe5 18. Bxh6 Rh5 19. Be3 Bxh3 20. f3 Nc6 21. Kf2 Be6 22. Rh1 Rxh1 23. Rxh1 f6 24. a4 a6 25. b4 Rd8 26. Rd1 Rxd1 27. Bxd1 Bc4 28. f4 f5 29. exf5 gxf5 30. Bh5 Kg7 31. a5 Kf6 32. Bc5 Ke6 33. Ke3 Bf1 34. Bf3 Bc4 35. Bd1 Kd5 36. Bc2 Ke6 37. Bd4 Bd5 38. Bd3 Bb3 39. Bc5 Bd5 40. Kd2 Nb8 41. Be2 Nd7 42. Bd4 Kd6 43. c4 Be4 44. b5 c5 45. Bg7 Ke6 46. Kc3 Kd6 47. Bh5 Ke6 48. Be8 Bg2 49. Bh5 Be4 50. Bd1 Bg2 51. Kd2 Nf6 52. Ke3 Bh1 53. bxa6 bxa6 54. Ba4 Ng4+ 55. Kd2 Be4 56. Bc3 Bb7 57. Bd1 Nf6 58. Ke3 Ne4 59. Be5 Bc6 60. Bc2 Bd7 61. Bd3 Bc6 62. Be2 Bb7 63. Bh5 Bc6 64. Bg6 Bd7 65. Bh5 Bc6 66. Bd1 Bb7 67. Ba4 Nd6 68. Kd3 Bg2 69. Kc3 Bf1 70. Bxd6 Kxd6 71. Be8 Bg2 72. Bf7 Be4 73. Kd2 Ke7 74. Bg8 Kd6 75. Ke3 Ke7 76. Kf2 Kf6 77. Kg3 Bc6 78. Kh4 Bf3 79. Kg3 Bc6 80. Kf2 Kg7 81. Be6 Kf6 82. Bc8 Be4 83. Bxa6 Ke7 84. Kg3 Kd7 85. Kh4 Kc7 86. Kg5 Kb8 87. Bb5 Ka7 88. Kf6 Bd3 89. Ke5 Kb7 90. Kd5 Kc7 91. Kxc5 1-0


[Site "https://www.chess.com"]

[Event "Titled Tuesday Blitz January 03 Early 2023"]
[White "Timofeev, Artyom"]
[Black "Indjic, Aleksandar"]
[WhiteFideId "4140419"]
[BlackFideId "911925"]
[WhiteElo "2567"]
[BlackElo "2618"]
[Result "1-0"]
[Round "10"]
[TimeControl "180+2"]
[Date "2023.01.03"]
[WhiteClock "0:01:31"]
[BlackClock "0:00:09"]

1. d4 Nf6 2. Nc3 d6 3. e4 e5 4. Nf3 Nbd7 5. Bc4 Be7 6. O-O h6 7. Re1 c6 8. a4 Qc7 9. b3 g5 10. dxe5 dxe5 11. Bb2 a5 12. Nd2 Nf8 13. Nf1 Ng6 14. Ne3 Bc5 15. Ne2 Nxe4 16. Bd3 Nxf2 17. Kxf2 Qb6 18. Ng3 Nf4 19. Ne4 Bxe3+ 20. Rxe3 Nd5 21. Nf6+ Nxf6 22. Bxe5 O-O 23. Bxf6 c5 24. Bc3 Bd7 25. Qf3 f5 26. Bc4+ 1-0


[Site "https://www.chess.com"]

[Event "Titled Tuesday Blitz January 03 Early 2023"]
[White "Boros, Denes"]
[Black "Narayanan, Srinath"]
[WhiteFideId "722340"]
[BlackFideId "5018420"]
[WhiteElo "2406"]
[BlackElo "2559"]
[Result "0-1"]
[Round "10"]
[TimeControl "180+2"]
[Date "2023.01.03"]
[WhiteClock "0:00:11"]
[BlackClock "0:00:11"]

1. e4 c6 2. Qe2 d5 3. Nf3 dxe4 4. Qxe4 Nf6 5. Qh4 g6 6. Bc4 Bg7 7. d4 O-O 8. Bh6 Qb6 9. Bb3 a5 10. a4 Bf5 11. Nbd2 Bxc2 12. Bc4 Qxb2 13. O-O Nbd7 14. Rae1 e6 15. Re3 b5 16. axb5 cxb5 17. Bxe6 fxe6 18. Ng5 Bf5 19. Ndf3 Rae8 20. Ne5 Bxh6 21. Qxh6 Qxd4 22. Nxh7 Nxh7 23. Nxg6 Qg7 24. Qxg7+ Kxg7 25. Nxf8 Nhxf8 26. Rg3+ Kf6 27. Ra1 a4 28. h4 Ng6 29. h5 Nf4 30. Re3 Nxh5 31. f3 Ng7 32. g4 Bc2 33. Rc3 Bb3 34. f4 Nb6 35. Rc5 Bc4 36. Kf2 Nd5 37. Kg3 Ra8 38. Rc6 a3 39. Rd6 a2 40. Rd7 Ra3+ 41. Kh4 Nxf4 42. g5+ Kg6 43. Kg4 e5 44. Rd6+ Be6+ 45. Rxe6+ Ngxe6 46. Rh1 a1=Q 47. Rh6+ Kg7 48. Kf5 Qb1+ 49. Kg4 Qg1+ 50. Kf5 Qxg5+ 51. Ke4 Nc5# 0-1


[Site "https://www.chess.com"]

[Event "Titled Tuesday Blitz January 03 Early 2023"]
[White "Kamsky, Gata"]
[Black "Bacrot, Etienne"]
[WhiteFideId "2000024"]
[BlackFideId "605506"]
[WhiteElo "2665"]
[BlackElo "2667"]
[Result "0-1"]
[Round "10"]
[TimeControl "180+2"]
[Date "2023.01.03"]
[WhiteClock "0:00:08"]
[BlackClock "0:00:04"]

1. d4 Nf6 2. Bf4 g6 3. c3 Bg7 4. Nf3 c5 5. e3 b6 6. a4 Bb7 7. a5 O-O 8. Be2 d6 9. h3 Nbd7 10. a6 Bc6 11. Na3 Nd5 12. Bh2 Nc7 13. Nc4 Bb5 14. Ncd2 Bxe2 15. Qxe2 b5 16. O-O Rb8 17. Ra5 Rb6 18. Rfa1 c4 19. b3 cxb3 20. Nxb3 Nb8 21. c4 bxc4 22. Qxc4 Qd7 23. Bg3 Rc8 24. Qd3 Nc6 25. R5a4 Nb4 26. Qe2 Ncd5 27. Ra5 Nc3 28. Qb2 Ne4 29. Qe2 Nc6 30. R5a3 Nc3 31. Qd3 Nb4 32. Qd2 Ne4 33. Qd1 Nxg3 34. fxg3 Nc2 35. R1a2 Nxa3 36. Rxa3 Rc3 37. Kf2 Bh6 38. Nc5 Bxe3+ 39. Ke2 dxc5 40. Rxc3 Bxd4 41. Nxd4 cxd4 42. Rc4 Qe6+ 43. Kd3 Qf5+ 0-1


[Site "https://www.chess.com"]

[Event "Titled Tuesday Blitz January 03 Early 2023"]
[White "Xu, Yi"]
[Black "Kanakaris, Georgios"]
[WhiteFideId "8605564"]
[BlackFideId "4209460"]
[WhiteElo "2527"]
[BlackElo "2391"]
[Result "1-0"]
[Round "10"]
[TimeControl "180+2"]
[Date "2023.01.03"]
[WhiteClock "0:00:33"]
[BlackClock "0:00:01"]

1. e4 e6 2. d4 d5 3. e5 c5 4. c3 Nc6 5. Nf3 Qb6 6. a3 a5 7. Be2 Bd7 8. O-O a4 9. dxc5 Bxc5 10. c4 dxc4 11. Nbd2 Na5 12. Nxc4 Nxc4 13. Bxc4 Ne7 14. Rb1 Bc6 15. b4 axb3 16. Rxb3 Qa7 17. Rc3 O-O 18. Ng5 h6 19. Qh5 Nf5 20. Nxe6 g6 21. Qh3 fxe6 22. Bxe6+ Rf7 23. Bxh6 Rd8 24. Bg5 Bxf2+ 25. Kh1 Rd4 26. Bf6 Bh4 27. Bxf7+ Kxf7 28. Bxh4 Rxh4 29. Qxh4 Bxg2+ 30. Kxg2 1-0


[Site "https://www.chess.com"]

[Event "Titled Tuesday Blitz January 03 Early 2023"]
[White "Deac, Bogdan-Daniel"]
[Black "Rozman, Levy"]
[WhiteFideId "1226380"]
[BlackFideId "2039877"]
[WhiteElo "2700"]
[BlackElo "2322"]
[Result "1-0"]
[Round "10"]
[TimeControl "180+2"]
[Date "2023.01.03"]
[WhiteClock "0:00:05"]
[BlackClock "0:00:02"]

1. b3 f5 2. Bb2 Nf6 3. g3 e6 4. Bg2 a5 5. Nf3 a4 6. O-O Be7 7. d3 O-O 8. c4 a3 9. Bc3 d5 10. Nbd2 c5 11. e3 Nc6 12. d4 Ne4 13. Qc1 Bf6 14. cxd5 exd5 15. Qc2 b6 16. Rfd1 Be6 17. Nxe4 fxe4 18. Ne5 Bxe5 19. dxe5 Qg5 20. b4 cxb4 21. Bd4 Nxe5 22. Qb3 Nd3 23. Rxd3 exd3 24. Qxd3 Rac8 25. Qd2 Qf5 26. e4 dxe4 27. Qxb4 Rc4 28. Qxb6 h5 29. h4 Rfc8 30. Be3 Rc2 31. Qa7 Rxa2 32. Rd1 Rf8 33. Rd6 Ra1+ 34. Kh2 a2 35. Bd4 Rf7 36. Qb8+ Rf8 37. Qc7 Rf7 38. Qd8+ Rf8 39. Qe7 Rf7 40. Qe8+ Rf8 41. Qe7 Rf7 42. Qd8+ Rf8 43. Qc7 Rf7 44. Qc6 Rd1 45. Rd8+ Kh7 46. Bxe4 Rxd4 47. Bxf5+ Bxf5 48. Rxd4 a1=Q 49. Qd5 1-0


[Site "https://www.chess.com"]

[Event "Titled Tuesday Blitz January 03 Early 2023"]
[White "Antonica, Dragos-Andrei"]
[Black "Oparin, Grigoriy"]
[WhiteFideId "1246372"]
[BlackFideId "24125890"]
[WhiteElo "2373"]
[BlackElo "2667"]
[Result "1/2-1/2"]
[Round "10"]
[TimeControl "180+2"]
[Date "2023.01.03"]
[WhiteClock "0:00:42"]
[BlackClock "0:00:47"]

1. Nf3 c5 2. e4 d6 3. Bb5+ Bd7 4. c4 Nf6 5. Nc3 g6 6. O-O Bg7 7. d4 cxd4 8. Nxd4 O-O 9. h3 a6 10. Bxd7 Nfxd7 11. Be3 Nc6 12. Rc1 Rc8 13. b3 Re8 14. Qd2 Qa5 15. Nxc6 bxc6 16. Rfd1 Nc5 17. f3 Ne6 18. Ne2 Qxd2 19. Rxd2 c5 20. Nc3 Nd4 21. Nd5 e6 22. Nf4 f5 23. Nd3 a5 24. Bxd4 Bxd4+ 25. Kf1 Rb8 26. Rb1 Re7 27. Ke2 Reb7 28. Nf4 Kf7 29. Kd3 a4 30. Ne2 axb3 31. Nxd4 cxd4 32. Kxd4 Kf6 33. axb3 Rxb3 34. Rxb3 Rxb3 35. f4 fxe4 36. Kxe4 Rb6 37. g4 Rc6 38. Kd4 h6 39. h4 h5 40. gxh5 gxh5 41. Rg2 Rc5 42. Rg5 Rf5 43. Ke4 Rc5 44. Kd4 Rf5 45. Ke4 d5+ 46. cxd5 exd5+ 47. Ke3 Ke6 48. Kf3 Kf6 49. Ke3 Ke6 50. Kf3 Kf6 51. Ke3 1/2-1/2


[Site "https://www.chess.com"]

[Event "Titled Tuesday Blitz January 03 Early 2023"]
[White "Ter-Sahakyan, Samvel"]
[Black "Orozbaev, Eldiar"]
[WhiteFideId "13302531"]
[BlackFideId "13802240"]
[WhiteElo "2617"]
[BlackElo "2235"]
[Result "1/2-1/2"]
[Round "10"]
[TimeControl "180+2"]
[Date "2023.01.03"]
[WhiteClock "0:00:09"]
[BlackClock "0:00:23"]

1. d4 d5 2. c4 e6 3. Nc3 Nf6 4. cxd5 exd5 5. Bg5 Be7 6. e3 c6 7. Bd3 O-O 8. Nf3 Re8 9. Qc2 h6 10. Bf4 b6 11. O-O Na6 12. a3 Nc7 13. Rac1 Ne6 14. Bg3 Bb7 15. h3 Rc8 16. Rfd1 Bd6 17. Bxd6 Qxd6 18. Ne5 c5 19. Bf5 cxd4 20. exd4 Rc7 21. Nb5 Rxc2 22. Nxd6 Rxc1 23. Rxc1 Re7 24. Bxe6 fxe6 25. f3 Ba6 26. b4 Bc4 27. b5 Ne8 28. Nc6 Nxd6 29. Nxe7+ Kf7 30. Nc6 Nxb5 31. Ne5+ Kf6 32. Nxc4 dxc4 33. Rxc4 Nxa3 34. Rc7 Nb5 35. Rb7 Nxd4 36. Rxa7 Ne2+ 37. Kf2 Nf4 38. Rb7 Nd5 39. h4 g6 40. Ke2 h5 41. g3 Ke5 42. Kd3 Kf6 43. Ke4 Nc3+ 44. Kd4 Ne2+ 45. Ke3 Nxg3 46. Rxb6 Nf5+ 47. Ke4 Nxh4 48. f4 Nf5 49. Rb8 h4 50. Rb3 Kg7 51. Ra3 Kh6 52. Kf3 Kh5 53. Ra8 Nd4+ 54. Ke4 Nf5 55. Kf3 Nd4+ 56. Ke4 Nf5 57. Kf3 1/2-1/2


[Site "https://www.chess.com"]